 Dungeon Crawl Stone Soup version 0.30-a0-561-g1b0378597e (webtiles) character file.

Game seed: 1732241141957424417

51 HessuHobo the Digger (level 3, 0/19 HPs)
             Began as a Gargoyle Earth Elementalist on Dec 28, 2022.
             Slain by Crazy Yiuf
             ... wielding a +3 quarterstaff of chaos
              (1 damage)
             ... on level 2 of the Dungeon.
             The game lasted 00:02:14 (2466 turns).

HessuHobo the Digger (Gargoyle Earth Elementalist)  Turns: 2466, Time: 00:02:15

Health: 0/19       AC:  9    Str: 11    XL:     3   Next: 83%
Magic:  4/7        EV: 11    Int: 17    God:
Gold:   146        SH:  0    Dex: 10    Spells: 3/7 levels left

rFire   . . .      SeeInvis .    c - +0 mace
rCold   . . .      Faith    .    (no shield)
rNeg    + . .      Spirit   .    a - +0 robe
rPois   ∞          Reflect  .    (no helmet)
rElec   +          Harm     .    (no cloak)
rCorr   .          Rampage  .    (no gloves)
Will    .....                    (no boots)
Stlth   ++                       (no amulet)
HPRegen 0.23/turn                k - +4 ring of protection
MPRegen 0.10/turn                (no ring)

@: no status effects
A: sickness immunity, AC +3, negative energy resistance 1, electricity
resistance, torment resistance 1, petrification resistance
a: no special abilities


You were on level 2 of the Dungeon.
You visited 1 branch of the dungeon, and saw 2 of its levels.

You collected 146 gold pieces.

Inventory:

Hand Weapons
 c - a +0 mace (weapon)
Armour
 a - a +0 robe (worn)
Jewellery
 k - a +4 ring of protection (left hand)
Wands
 n - a wand of digging (7)
Scrolls
 e - a scroll of fear {unknown}
 l - a scroll of immolation {unknown}
 m - 2 scrolls of identify {unknown}
 o - a scroll of noise {unknown}
 p - a scroll of fog {unknown}
 r - a scroll of vulnerability {unknown}
Potions
 b - a potion of magic
 d - a potion of degeneration {unknown}
 f - a potion of mutation {unknown}
 g - 2 potions of flight {unknown}
 h - a potion of resistance {unknown}
 i - 2 potions of curing {unknown}
 j - a potion of lignification {unknown}
 q - a potion of cancellation {unknown}


   Skills:
 - Level 1.5 Dodging
 - Level 3.0 Stealth
 + Level 2.7 Spellcasting
 + Level 0.2 Conjurations
 - Level 0.7 Transmutations
 + Level 4.4 Earth Magic


You had 3 spell levels left.
You knew the following spells:

 Your Spells              Type           Power      Damage    Failure   Level
a - Sandblast             Erth           34%        2d9       3%          1
b - Stone Arrow           Conj/Erth      20%        3d8       21%         3

Your spell library contained the following spells:

 Spells                   Type           Power      Damage    Failure   Level
 Passwall                 Tmut/Erth      9%         N/A       10%         2
 Petrify                  Tmut/Erth      11%        N/A       52%         4
 Yara's Violent Unravell  Hex/Tmut       1%         3d3       99%         5
 Enfeeble                 Hex            1%         N/A       100%        7


Dungeon Overview and Level Annotations

Branches:
Dungeon (2/15)

Altars:

Annotations:
D:2 Crazy Yiuf


Innate Abilities, Weirdness & Mutations

You are immune to sickness and miasma.
Your stone body is resilient. (AC +3)
You are immune to poison.
You resist negative energy. (rN+)
You are resistant to electric shocks. (rElec)
You are resistant to unholy torment.
You are immune to petrification.


Message History

Confirm with . or Enter, or press ? or * to list all spells.
You can't see any susceptible monsters within range! (Use Z to cast anyway.)
You see here a scarf of resistance.
You see here a scarf of resistance.
Found a hammer.
Found a runed translucent door.
Crazy Yiuf shouts!
Could not explore, unopened runed door.
Could not explore, unopened runed door.
Could not explore, unopened runed door.
You open the door.
Casting: Sandblast (safe; 3% risk of failure)
Confirm with . or Enter, or press ? or * to list all spells.
Aiming: Sandblast (safe; 3% risk of failure)
Press: ? - help, Shift-Dir - straight line, f - Crazy Yiuf
Aim: Crazy Yiuf, wielding a +3 quarterstaff of chaos and wearing a +0 cloak (84% to hit)
The blast of sand hits Crazy Yiuf.
Crazy Yiuf is lightly wounded.
Crazy Yiuf barely misses you.
Casting: Sandblast (safe; 3% risk of failure)
Confirm with . or Enter, or press ? or * to list all spells.
Aiming: Sandblast (safe; 3% risk of failure)
Press: ? - help, Shift-Dir - straight line, f/p - Crazy Yiuf
Aim: Crazy Yiuf, wielding a +3 quarterstaff of chaos and wearing a +0 cloak (lightly wounded, 84% to hit)
The blast of sand hits Crazy Yiuf.
Crazy Yiuf is moderately wounded.
Crazy Yiuf hits you with a +3 quarterstaff of chaos!
Ouch! That really hurt!
Crazy Yiuf freezes you.
* * * LOW HITPOINT WARNING * * *
Crazy Yiuf hits you but does no damage.
Casting: Sandblast (safe; 3% risk of failure)
Confirm with . or Enter, or press ? or * to list all spells.
Aiming: Sandblast (safe; 3% risk of failure)
Press: ? - help, Shift-Dir - straight line, f/p - Crazy Yiuf
Aim: Crazy Yiuf, wielding a +3 quarterstaff of chaos and wearing a +0 cloak (moderately wounded, 84% to hit)
The blast of sand misses Crazy Yiuf.
Crazy Yiuf hits you with a +3 quarterstaff of chaos.
* * * LOW HITPOINT WARNING * * *
Crazy Yiuf freezes you.
You die...

#####.#
#........#
#.# #####.##
##########
#[# .......#
#.#
#####..#####
##### #.#
#>.....#
#)..# #.#
######.#####
#...# #.#####
....##<# ...
#.....#
#.#.##.# #g#
#####.#
#.#.##.# #@##
#.#
#.#.##.#####
##.# #.#
#.[........#
#.## #.#
###.##.#####
##.# #.#
#.##.# ##.##
#.#
#.##.#####
##...# #.#
###.##.....#
#....# #.#
....########
#....# #.#
##..#
######..#####
#.#


You could see Crazy Yiuf.

Vanquished Creatures
  An adder (D:2)
  A dart slug (D:2)
  2 ball pythons (D:1)
  6 endoplasms
  3 giant cockroaches (D:1)
  4 goblins
  5 hobgoblins
  A quokka (D:1)
  5 bats
  2 frilled lizards (D:1)
  3 kobolds
  2 rats (D:1)
35 creatures vanquished.

Vanquished Creatures (others)
  A fungus (D:2)
  A plant (D:2)
2 creatures vanquished.

Grand Total: 37 creatures vanquished

Notes
Turn   | Place    | Note
-------+----------+-------------------------------------------
     0 | D:1      | HessuHobo the Gargoyle Earth Elementalist began the quest
                  | for the Orb.
     0 | D:1      | Reached XP level 1. HP: 10/10 MP: 3/3
   370 | D:1      | Reached XP level 2. HP: 15/15 MP: 0/5
   708 | D:1      | Reached skill level 4 in Earth Magic
   920 | D:1      | Reached XP level 3. HP: 19/19 MP: 3/6
  1415 | D:2      | Learned a level 3 spell: Stone Arrow
  1443 | D:2      | Found a faded altar of an unknown god.
  2433 | D:2      | Found a runed translucent door.
  2434 | D:2      | Noticed Crazy Yiuf
  2466 | D:2      | Slain by Crazy Yiuf

Illustrated notes

Levels and vault maps discovered:
D:1:      saegor_arrival_simple_a, layout_rooms, minivault_5
D:2:      layout_loops_ring, shapermc_ecumenical_altar_hornbeckon,
          uniq_crazy_yiuf_cottage

Skill      XL: |  1  2  3 |
---------------+----------+-----
Earth Magic    | 4 |  4.4
Stealth        | 3 |  3.0
Dodging        | |  1.5
Spellcasting   | |  2.7
Conjurations   | |  0.2
Transmutations | |  0.7

Action                   || total
-------------------------++-------
Melee: Mace              ||    21
 Cast: Sandblast         ||    52
Armor: Robe              ||    21
Dodge: Dodged            ||    29

Table legend: (Time is in decaauts)
 A = Elapsed time spent in this place.
 B = Non-inter-level travel time spent in this place.
 C = Inter-level travel time spent in this place.
 D = Time resting spent in this place.
 E = Time spent auto-exploring this place.
 F = Levels seen in this place.
 G = Mean time per level.
                   A        B        C        D        E       F      G
               +--------+--------+--------+--------+--------+-----+--------+
         Total |   2505 |   2458 |     47 |   1114 |   1091 |   2 | 1252.5 |
       Dungeon |   2505 |   2458 |     47 |   1114 |   1091 |   2 | 1252.5 |
               +--------+--------+--------+--------+--------+-----+--------+

Top non-repeatable levels by time:
     D:1: 1413 daAuts
     D:2: 1092 daAuts
